 Dungeon Crawl Stone Soup version 0.24.0-13-gcf9b3192b9 (webtiles) character file.

Game seed: 16471943621599818238, levelgen mode: deterministic

14 Aviak the Ruffian (level 2, 0/25 HPs)
             Began as a Naga Transmuter on Nov 5, 2019.
             Slain by an adder (4 damage)
             ... on level 2 of the Dungeon.
             The game lasted 00:01:34 (825 turns).

Aviak the Ruffian (Naga Transmuter)                  Turns: 825, Time: 00:01:35

Health: 0/25       AC:  2    Str: 10    XL:     2   Next: 45%
Magic:  1/4        EV: 10    Int: 13    God:
Gold:   64         SH:  0    Dex: 11    Spells: 2/5 levels left

rFire    + . .     SeeInvis +     - Unarmed
rCold    . . .     Gourm    .   (no shield)
rNeg     . . .     Faith    .   b - +0 robe
rPois    +         Spirit   .   (no helmet)
rElec    .         Reflect  .   i - +0 cloak
rCorr    .         Harm     .   (no gloves)
MR       .....                  (no barding)
Stlth    +.........             (no amulet)
HPRegen  0.08/turn              F - ring of protection from fire
MPRegen  0.09/turn              (no ring)

@: lethally poisoned (0 -> -6), appendage, very slightly contaminated, very slow
A: large, horns 2, stinger 1, see invisible, deformed body, low mp 1, poison
resistance, slowness 2, slow metabolism 1, spit poison 1, weak 1, wild magic 1,
AC +0
a: Spit Poison, End Transformation


You were on level 2 of the Dungeon.
You were not hungry.
You had grown temporary horns.
You visited 1 branch of the dungeon, and saw 2 of its levels.

You collected 64 gold pieces.

Inventory:

Missiles
 a - 11 arrows
Armour
 b - a +0 robe (worn)
 i - a +0 cloak (worn)
Jewellery
 F - a ring of protection from fire (left hand)
Scrolls
 c - a scroll of amnesia {unknown}
Potions
 e - a potion of mutation {!q}
 g - a potion of resistance {unknown}
Comestibles
 d - 2 rations
 h - 2 chunks of flesh


   Skills:
 - Level 1.0 Fighting
 + Level 1.9 Dodging
 - Level 3.0 Unarmed Combat
 + Level 2.3 Spellcasting
 + Level 2.3 Transmutations


You had 2 spell levels left.
You knew the following spells:

 Your Spells              Type           Power        Failure   Level  Hunger
a - Beastly Appendage     Tmut           #.....       14%         1    #......
b - Sticks to Snakes      Tmut           #.......     21%         2    ###....

Your spell library contained the following spells:

 Spells                   Type           Power        Failure   Level  Hunger
 Spider Form              Tmut/Pois      #.........   50%         3    ###....
 Ice Form                 Ice/Tmut       #.......     88%         4    #####..
 Blade Hands              Tmut           #.........   97%         5    ######.


Dungeon Overview and Level Annotations

Branches:
Dungeon (2/15)

Altars:


Innate Abilities, Weirdness & Mutations

You cannot wear boots.
Your serpentine skin is tough. (AC +0)
You have supernaturally acute eyesight. (SInv)
Armour fits poorly on your strangely shaped body.
Your system is resistant to poisons. (rPois)
You cover ground very slowly.
You have a slow metabolism.
You can spit poison.
You have a pair of horns on your head.
Your tail ends in a poisonous barb.
Your magical capacity is low. (-10% MP)
You are weak. (Str -2)
Your spells are a little harder to cast, but a little more powerful.


Message History

You miss the adder.
The adder is heavily wounded.
Your horns disappear.
The adder closely misses you.
You miss the adder.
The adder is heavily wounded.
The adder bites you.
Casting: Beastly Appendage (safe; 14% risk of failure)
Confirm with . or Enter, or press ? or * to list all spells.
You grow a pair of large bovine horns.
You have got your breath back.
The adder bites you.
* * * LOW HITPOINT WARNING * * *
You are lethally poisoned!
The adder poisons you!
You miss the adder.
The adder is moderately wounded.
* * * LOW HITPOINT WARNING * * *
You feel sick. The adder bites you.
You die...

...#....#
#........###
........#
#.(........#
......#.#
#........#.
...#..#.#
#.......##
.....##.#
#..#..?##
.#.(.##.#
#..##.##
....###<#
#..##.##
..### #.#
#......# ..#
.# ##.##@.#
### # #.S#
#....#
##.#.# ....#
.....
#......
####.### .#


You could see an adder.

Vanquished Creatures
  A dart slug (D:2)
  A bat (D:1)
  A giant cockroach (D:1)
  2 goblins (D:1)
  2 hobgoblins (D:1)
  A kobold (D:2)
  A frilled lizard (D:1)
  2 rats (D:1)
11 creatures vanquished.

Notes
Turn   | Place    | Note
-------+----------+-------------------------------------------
     0 | D:1      | Aviak the Naga Transmuter began the quest for the Orb.
     0 | D:1      | Reached XP level 1. HP: 18/18 MP: 3/3
   321 | D:1      | Reached XP level 2. HP: 21/25 MP: 1/5
   336 | D:1      | Learned a level 2 spell: Sticks to Snakes
   818 | D:2      | Gained mutation: You are weak. (Str -2) [potion of
                  | mutation]
   818 | D:2      | Gained mutation: Your spells are a little harder to cast,
                  | but a little more powerful. [potion of mutation]
   818 | D:2      | Gained mutation: Your magical capacity is low. (-10% MP)
                  | [potion of mutation]
   818 | D:2      | Gained mutation: Your tail ends in a poisonous barb.
                  | [potion of mutation]
   825 | D:2      | Slain by an adder

Levels and vault maps discovered:
D:1:      dpeg_arrival_tiny_d, layout_rooms, grunt_decor_mini_mirrors
D:2:      minmay_wonky_spiral, layout_loops_ring,
          minmay_overflow_temple_star_quad, led_sif_pool,
          minmay_misc_feat_plants, uniq_terence, uniq_jessica

Action                   || total
-------------------------++-------
Melee: Unarmed           ||    62
       Headbutt          ||     3
       Punch             ||     1
 Cast: Beastly Appendage ||     8
       Sticks to Snakes  ||     1
 Abil: Spit Poison       ||     3
  Use: Potion            ||     2
Armor: Robe              ||     7
Dodge: Dodged            ||    33
